 Dungeon Crawl Stone Soup version 0.30-b1-2-g02819fbbbe (webtiles) character file.

Game seed: 4431729121943073942

124981 LLlMATKO the Tortoise (level 16, -8/155 HPs)
             Began as a Minotaur Berserker on June 7, 2023.
             Was an Elder of Trog.
             Drowned by a water nymph (13 damage)
             ... on level 1 of the Shoals.
             The game lasted 00:31:59 (26379 turns).

LLlMATKO the Tortoise (Minotaur Berserker)         Turns: 26379, Time: 00:32:00

Health: -8/155     AC: 26    Str: 26    XL:     16   Next: 40%
Magic:  15/15      EV: 13    Int:  4    God:    Trog [****..]
Gold:   2843       SH: 18    Dex: 14    Spells: 15/15 levels left

rFire   + . .        K - +2 broad axe (heavy)
rCold   . . .        j - +0 tower shield
rNeg    . . .        V - +2 plate armour {rF+}
rPois   +            (helmet restricted)
rElec   +            x - +0 cloak
rCorr   .            S - +0 pair of gloves
SInv    +            q - +0 pair of boots
Will    +....        R - amulet "Satitsyog" {Acrobat -Tele rElec Regen+ Slay+3} Stlth
                     b - ring of poison resistance
HPRegen 1.25/turn    w - ring of see invisible
MPRegen 0.14/turn

%: no teleportation, acrobat
@: on berserk cooldown, mesmerised, slowed, very slow
A: horns 2, retaliatory headbutt
a: Renounce Religion, Berserk, Trog's Hand, Brothers in Arms


You were on level 1 of the Shoals.
You worshipped Trog.
Trog was greatly pleased with you.
You visited 4 branches of the dungeon, and saw 23 of its levels.
You visited the Abyss 1 time.
You also visited: Ice Cave.

You collected 2843 gold pieces.

Inventory:

Hand Weapons
 g - a +1 war axe of flaming
 D - the +12 whip "Huxzoel" {venom, +Blink rC+ Dex+4}
   (You found it on level 2 of the Dungeon)

   Dex:       It affects your dexterity (+4).
   rC:        It protects you from cold.
   +Blink:    It lets you blink.
 K - a +2 heavy broad axe (weapon)
 W - a +1 war axe of freezing
Missiles
 e - 6 atropa-tipped darts
 H - 3 datura-tipped darts
 I - 26 poisoned darts (quivered)
 L - 21 boomerangs
 N - 2 curare-tipped darts
 P - 3 throwing nets
Armour
 j - a +0 tower shield (worn)
 q - a +0 pair of boots (worn)
 x - a +0 cloak (worn)
 S - a +0 pair of gloves (worn)
 V - a +2 plate armour of fire resistance (worn)
Jewellery
 b - a ring of poison resistance (left hand)
 m - an amulet of guardian spirit
 s - a ring of resist corrosion
 w - a ring of see invisible (right hand)
 B - a ring of ice
 E - a ring of willpower
 O - a +6 ring of strength
 R - the amulet "Satitsyog" (around neck) {Acrobat -Tele rElec Regen+ Slay+3}
   (You found it on level 10 of the Dungeon)

   [amulet of the acrobat]

   It increases your evasion while moving and waiting.
   Slay:      It affects your accuracy & damage with ranged weapons and melee
   (+3).
   rElec:     It insulates you from electricity.
   -Tele:     It prevents most forms of teleportation.
   Regen:     It increases your rate of health regeneration.
 U - a +4 ring of protection
 Y - a ring of flight
 Z - a ring of protection from fire
Wands
 k - a wand of iceblast (2)
 r - a wand of flame (52)
 u - a wand of polymorph (4)
 G - a wand of digging (29)
 J - a wand of charming (28)
 M - a wand of light (4)
Scrolls
 c - a scroll of noise
 h - 2 scrolls of enchant weapon
 l - a scroll of silence
 o - 5 scrolls of fear
 p - 2 scrolls of fog
 t - 9 scrolls of teleportation
 y - 2 scrolls of identify
 C - 2 scrolls of magic mapping
 T - 3 scrolls of blinking
Potions
 a - 3 potions of resistance
 d - 5 potions of cancellation
 f - 4 potions of invisibility
 i - 12 potions of curing
 n - 4 potions of flight
 v - 5 potions of heal wounds
 z - 2 potions of ambrosia
 A - 3 potions of lignification
 F - 4 potions of haste
 Q - 5 potions of attraction
 X - a potion of might


   Skills:
 + Level 17.0 Fighting
 + Level 17.0 Axes
 + Level 19.3 Armour
 + Level 15.5 Dodging
 + Level 13.6 Shields


You had 15 spell levels left.
You didn't know any spells.
Your spell library was empty.

Dungeon Overview and Level Annotations

Branches:
Dungeon (15/15)            Temple (0/1) D:6            Lair (5/5) D:9
 Shoals (1/4) Lair:3       Spider (0/4) Lair:3        Slime (0/5) Lair:5
    Orc (2/2) D:10            Elf (0/3) Orc:2        Vaults (0/5) D:14
 Depths (0/4) D:15          IceCv (visited)

Altars:
Cheibriados
Hepliaklqana
Kikubaaqudgha
Qazlal
Ru
Trog
Uskayaw
Wu Jian
Xom
Yredelemnul
Zin
The Shining One
Jiyva

Shops:
D:5 *   D:9 *   Orc:2 !**(


Innate Abilities, Weirdness & Mutations

You have a pair of horns on your head.
You reflexively headbutt those who attack you in melee.


Message History

You headbutt the water nymph.
Your skin stops crawling.
You feel less strong-willed.
The merfolk siren chants a haunting song.
You are mesmerised by the merfolk siren!
You block the snapping turtle's attack.
The merfolk siren chants a haunting song.
You block the snapping turtle's attack.
The merfolk siren chants its luring song.
The snapping turtle misses you. You block the merfolk's attack.
The water nymph completely misses you. You furiously retaliate!
You headbutt the water nymph.
The merfolk siren completely misses you.
The merfolk siren chants its luring song.
The snapping turtle completely misses you.
The snapping turtle barely misses you.
Unknown command.
Unknown command.
Unknown command.
You cannot move away from the merfolk siren!
You barely miss the water nymph.
The water nymph is moderately wounded.
The merfolk siren chants its luring song.
The water nymph casts a spell at you. The water swirls and strikes you!!
* * * LOW HITPOINT WARNING * * *
You block the merfolk's attack.
The merfolk siren chants a haunting song.
You resist with some effort.
The merfolk siren chants its luring song.
The snapping turtle bites you from afar!
* * * LOW HITPOINT WARNING * * *
The snapping turtle bites you from afar!
* * * LOW HITPOINT WARNING * * *
The snapping turtle bites you from afar!
* * * LOW HITPOINT WARNING * * *
The merfolk siren chants its luring song.
The water nymph touches you.
* * * LOW HITPOINT WARNING * * *
The water nymph drowns you!
You die...

~~≈≈~H.~....~~~.~≈~≈≈≈≈≈
.~~≈≈~.......~~..~~~≈≈≈≈≈
...≈~..##.......~~~~~≈≈≈≈
#..~~. ##.[......~~~~≈≈≈≈
#..~. #..~~~~....~~~≈≈≈≈
#....###)~~~..#..~~≈≈≈≈≈
.~ #m(†)tt~.....~~≈≈≈≈≈ ~
#†).)m~~~~..~~~~~~≈≈
#)...mm@~.<~~~~~~~~≈
~.(.~..t~~~~.~~≈~~~~~≈
~~..~~~m~~~~~~~~≈~..~~≈
~~.##.~~~.~~~~~~≈~.###.~
~~# #.~~~~~~≈≈≈≈≈~.# ~ ~.
..~~~~~~≈≈≈≈≈~~.#
.~~~~≈≈≈≈≈≈≈≈≈~~.
~~~~≈≈≈≈≈≈≈≈≈≈~~~~


You could see 3 snapping turtles, a merfolk, 3 merfolk sirens and a water nymph.

Vanquished Creatures
  A bone dragon (Abyss:3)
  Jorgrun (D:12)
  A tentacled starspawn (Abyss:3)
  Kirke (D:15)
  Agnes (D:15)
  The ghost of Epsin the Fighter, a journeyman MiFi of Okawaru (D:15)
  A green draconian (Abyss:3)
  A fire dragon (D:15)
  An ice dragon (IceCv)
  A centaur warrior (D:13)
  5 hydras
  5 vault guards (D:14)
  4 boulder beetles
  A spriggan skeleton (D:15)
  9 two-headed ogres
  A merfolk aquamancer (Shoals:1)
  A catoblepas (D:13)
  9 death yaks
  A dancing weapon (D:15)
  3 tengu warriors (D:14)
  A thrashing horror (Abyss:3)
  5 orc high priests
  5 skysharks
  2 skeletal warriors (D:15)
  4 sea snakes
  4 harpies
  An orc sorcerer (Orc:1)
  5 orc knights (Orc:2)
  5 deep elf pyromancers
  An iron dragon zombie (D:15)
  A phantasmal warrior (D:15)
  7 manticores
  A mana viper (Abyss:3)
  2 cyclopes
  8 ugly things
  A spectral centaur (D:11)
  A centaur zombie (D:11)
  19 elephants
  2 ice statues (IceCv)
  A merfolk siren (Shoals:1)
  A torpor snail (Lair:4)
  4 black mambas
  8 cane toads
  A smoke demon (Abyss:3)
  2 gargoyles (D:13)
  A rime drake (shapeshifter) (D:11)
  9 komodo dragons
  A yaktaur (D:15)
  6 rime drakes
  A tormentor (Abyss:3)
  2 ancient zymes (Abyss:3)
  2 freezing wraiths
  2 hellwings (Abyss:3)
  2 merfolk (Shoals:1)
  A meliai (Lair:3)
  The ghost of HumbleHazard the Chopper, an amateur MiBe of Trog (D:4)
  6 polar bears
  7 trolls
  A wind drake (Shoals:1)
  4 hornets
  24 blink frogs
  Grinder (D:6)
  A spriggan zombie (D:15)
  A spectral meliai (D:11)
  2 snapping turtles
  3 large abominations (Abyss:3)
  5 slime creatures (D:12)
  Sigmund (D:5)
  A shadow (D:12)
  4 centaur simulacra
  5 wyverns
  4 water elementals
  3 basilisks
  6 spriggans (Lair:1)
  A wraith (D:9)
  74 yaks
  8 starcursed masses (Abyss:3)
  A neqoxec (Abyss:3)
  3 hogs (D:15)
  A human (shapeshifter) (D:15)
  3 wargs
  4 steam dragons
  2 small abominations (Abyss:3)
  8 vampire mosquitoes
  8 water moccasins
  An acid dragon (D:9)
  A glowing shapeshifter skeleton (D:15)
  An ice beast (D:7)
  37 orc warriors
  4 black bears
  A sky beast (D:7)
  2 ogres (Orc:1)
  8 boggarts
  27 wolves
  4 centaurs
  3 kobold brigands
  3 phantoms
  12 bullfrogs
  A gnoll sergeant (D:10)
  3 scorpions
  12 wights (D:8)
  4 lindwurm simulacra (IceCv)
  2 electric eels (D:12)
  16 killer bees
  A vampire bat (D:11)
  A howler monkey (D:11)
  7 komodo dragon simulacra (IceCv)
  2 hounds
  2 jellies
  A gnoll bouda (D:7)
  23 orc priests
  3 iguanas
  A sleepcap (D:7)
  16 orc wizards
  5 acid dragon simulacra (IceCv)
  9 gnolls
  5 adders
  A shadow imp (D:5)
  2 white imps
  6 ufetubi
  5 steam dragon simulacra (IceCv)
  3 worms (D:3)
  2 dart slugs
  75 orcs
  12 ball pythons
  7 bats
  3 bat skeletons (D:11)
  2 bat zombies (D:11)
  9 endoplasms
  5 giant cockroaches
  12 goblins
  4 hobgoblins
  8 quokkas
  3 frilled lizards
  15 kobolds
  5 rats
  A spectral orc (D:3)
  A bush (D:8)
  2 starspawn tentacles (Abyss:3)
762 creatures vanquished.

Vanquished Creatures (collateral kills)
  Louise (D:15)
  3 vault guards (D:14)
  The ghost of Vorhees the Impaler, a journeyman MfGl of Gozag (D:11)
  A merfolk avatar (Lair:5)
  An orc high priest (Orc:2)
  A necromancer (D:15)
  3 orc knights (Orc:2)
  A cyclops (D:12)
  A centaur zombie (D:11)
  A yak (D:10)
  3 orc warriors (Orc:2)
  An ice beast (D:8)
  A sky beast (D:8)
  A boggart (D:14)
  A bullfrog (D:8)
  7 orc priests (Orc:2)
  4 orcs
  A kobold (D:10)
33 creatures vanquished.

Vanquished Creatures (others)
  A merfolk siren (Shoals:1)
  A rime drake (IceCv)
  A water elemental (Shoals:1)
  An orc warrior (Orc:2)
  An orc priest (Orc:2)
  21 fungi
  48 plants
  A starspawn tentacle (Abyss:3)
  8 withered plants (D:15)
83 creatures vanquished.

Grand Total: 878 creatures vanquished

Notes
Turn   | Place    | Note
-------+----------+-------------------------------------------
     0 | D:1      | LLlMATKO the Minotaur Berserker began the quest for the
                  | Orb.
     0 | D:1      | Reached XP level 1. HP: 19/19 MP: 0/0
   151 | D:1      | Reached XP level 2. HP: 23/27 MP: 1/1
   471 | D:1      | Reached ** piety under Trog
   609 | D:1      | Reached skill level 3 in Armour
   609 | D:1      | Reached XP level 3. HP: 33/33 MP: 2/2
  1822 | D:2      | Identified the +12 whip "Huxzoel" {venom, +Blink rC+ Dex+4}
  2066 | D:3      | Found a faded altar of an unknown god.
  2077 | D:3      | Reached XP level 4. HP: 31/41 MP: 3/3
  2115 | D:3      | Identified the +1 robe of the Original Sin {Rampage Int-5
                  | Dex-3 Stlth+}
  2239 | D:3      | Found a basalt altar of Yredelemnul.
  2295 | D:3      | Reached *** piety under Trog
  2492 | D:3      | Found a glowing golden altar of the Shining One.
  2795 | D:4      | Reached XP level 5. HP: 40/47 MP: 4/4
  2863 | D:4      | Reached skill level 4 in Armour
  2950 | D:4      | Found a large runed translucent door.
  2950 | D:4      | Found a large runed translucent door.
  2951 | D:4      | Noticed HumbleHazard's ghost (amateur MiBe)
  3187 | D:4      | Killed HumbleHazard's ghost
  3188 | D:4      | Reached skill level 5 in Fighting
  3188 | D:4      | Reached skill level 5 in Axes
  3188 | D:4      | Reached XP level 6. HP: 48/56 MP: 5/5
  3261 | D:5      | Entered Level 5 of the Dungeon
  3267 | D:5      | Noticed Sigmund
  3275 | D:5      | Killed Sigmund
  3276 | D:5      | Reached skill level 5 in Armour
  3276 | D:5      | Reached XP level 7. HP: 62/62 MP: 6/6
  3579 | D:5      | Reached skill level 5 in Dodging
  3662 | D:5      | Found Cogir's Assorted Antiques.
  4016 | D:5      | Reached skill level 6 in Armour
  4016 | D:5      | Reached XP level 8. HP: 70/71 MP: 7/7
  4390 | D:6      | Found a staircase to the Ecumenical Temple.
  4473 | D:6      | Noticed Grinder
  4479 | D:6      | Killed Grinder
  4662 | D:6      | Found a sacrificial altar of Ru.
  5201 | D:7      | Reached skill level 7 in Armour
  5679 | D:7      | Reached XP level 9. HP: 81/81 MP: 8/8
  5834 | D:7      | Reached **** piety under Trog
  6314 | D:8      | Reached skill level 8 in Armour
  7004 | D:8      | Noticed a two-headed ogre
  7010 | D:8      | Killed a two-headed ogre
  7118 | D:8      | Found a snail-covered altar of Cheibriados.
  7304 | D:8      | Reached skill level 9 in Armour
  7304 | D:8      | Reached XP level 10. HP: 83/91 MP: 9/9
  8163 | D:9      | Reached skill level 10 in Axes
  8358 | D:9      | Reached skill level 10 in Fighting
  8609 | D:9      | Found a staircase to the Lair.
  8640 | Lair:1   | Entered Level 1 of the Lair of Beasts
  8640 | Lair:1   | Noticed a four-headed hydra
  8648 | D:9      | Reached skill level 10 in Armour
  8950 | D:9      | Found Zin's Purification Station.
  8950 | D:9      | Found a glowing silver altar of Zin.
  9037 | D:9      | Found a stormy altar of Qazlal.
  9187 | D:10     | Entered Level 10 of the Dungeon
  9335 | D:10     | Identified the +2 great sword of Qopef {elec, rC+ Int+5}
  9352 | D:10     | Reached XP level 11. HP: 101/101 MP: 10/10
  9423 | D:10     | Found an ornate altar of the Wu Jian Council.
  9453 | D:10     | Identified the amulet "Satitsyog" {Acrobat -Tele rElec
                  | Regen+ Slay+3}
  9650 | D:10     | Reached skill level 1 in Shields
  9755 | D:10     | Found a staircase to the Orcish Mines.
 10418 | D:11     | Reached skill level 10 in Dodging
 10510 | D:11     | Found a runed translucent gate.
 10511 | D:11     | Found a runed translucent gate.
 10513 | D:11     | Found a runed translucent gate.
 10515 | D:11     | Noticed Vorhees's ghost (journeyman MfGl)
 10599 | D:11     | Noticed a two-headed ogre
 10600 | D:11     | Noticed a two-headed ogre
 10609 | D:11     | Killed a two-headed ogre
 10610 | D:11     | Reached skill level 11 in Armour
 10610 | D:11     | Killed a two-headed ogre
 10686 | D:11     | Noticed a two-headed ogre
 10694 | D:11     | Killed a two-headed ogre
 10817 | D:11     | Reached ***** piety under Trog
 10877 | D:11     | Noticed a boulder beetle
 10890 | D:11     | Killed a boulder beetle
 10956 | D:11     | Noticed a two-headed ogre
 10975 | D:11     | Killed a two-headed ogre
 11026 | D:11     | Found an ancient bone altar of Kikubaaqudgha.
 11164 | D:11     | Noticed a two-headed ogre
 11169 | D:11     | Killed a two-headed ogre
 11320 | D:11     | Killed Vorhees's ghost
 11321 | D:11     | Reached skill level 5 in Shields
 11321 | D:11     | Reached XP level 12. HP: 109/109 MP: 11/11
 11437 | D:12     | Identified a scroll of acquirement
 11437 | D:12     | Acquired a manual of Armour
 11455 | D:12     | Noticed a two-headed ogre
 11464 | D:12     | Reached skill level 12 in Armour
 11467 | D:12     | Killed a two-headed ogre
 11517 | D:12     | Found a frozen archway.
 11535 | IceCv    | Entered an ice cave
 12137 | IceCv    | Noticed an ice dragon
 12147 | IceCv    | Killed an ice dragon
 12359 | D:12     | Reached skill level 13 in Armour
 12588 | D:12     | Noticed Jorgrun
 12599 | D:12     | Killed Jorgrun
 13085 | D:12     | Noticed a two-headed ogre
 13093 | D:12     | Killed a two-headed ogre
 13094 | D:12     | Reached XP level 13. HP: 112/122 MP: 12/12
 13192 | D:12     | Reached skill level 14 in Armour
 14610 | D:14     | Received a gift from Trog
 14707 | D:14     | Found a gate to the Vaults.
 14733 | D:14     | Reached skill level 15 in Armour
 16280 | D:14     | Found a gate to the Vaults.
 16853 | Lair:1   | Reached XP level 14. HP: 117/133 MP: 13/13
 16856 | Lair:1   | Reached skill level 16 in Armour
 17101 | Lair:1   | Reached skill level 10 in Shields
 18230 | Lair:2   | Found a gate leading to a gauntlet.
 18973 | Lair:3   | Found a staircase to the Shoals.
 19001 | Lair:3   | Reached skill level 17 in Armour
 19101 | Lair:3   | Reached skill level 15 in Fighting
 19180 | Lair:3   | Reached skill level 15 in Axes
 19456 | Lair:3   | Found a hole to the Spider Nest.
 19504 | Lair:3   | Found a bloodstained altar of Trog.
 19545 | Lair:3   | Received a gift from Trog
 20652 | Lair:4   | Reached XP level 15. HP: 141/141 MP: 14/14
 20812 | Lair:5   | Entered Level 5 of the Lair of Beasts
 20828 | Lair:5   | Reached skill level 18 in Armour
 20994 | Lair:5   | Found the +7 captain's cutlass {speed, disarm}
 21027 | Lair:5   | Received a gift from Trog
 21171 | Lair:5   | Identified the +1 broad axe of Niuquh {heavy, Fragile rN++
                  | Str+4}
 21257 | Lair:5   | Found a viscous altar of Jiyva.
 21257 | Lair:5   | Found a staircase to the Slime Pits.
 21509 | Lair:5   | Identified the +1 chain mail of Dyusigol {rCorr Int-5
                  | Stlth+}
 21962 | Orc:1    | Entered Level 1 of the Orcish Mines
 22017 | Orc:2    | Entered Level 2 of the Orcish Mines
 22336 | Orc:2    | Found a staircase to the Elven Halls.
 22806 | Orc:2    | Received a gift from Trog
 23316 | Orc:2    | Found Timaijo's Distillery.
 23316 | Orc:2    | Found Xodus's General Store.
 23317 | Orc:2    | Found Plog's Assorted Antiques.
 23317 | Orc:2    | Found Qisiyguf's Antique Weapon Emporium.
 23889 | D:15     | Entered Level 15 of the Dungeon
 23917 | D:15     | Found a runed translucent door.
 23917 | D:15     | Found a shimmering altar of Xom.
 23917 | D:15     | Noticed Epsin's ghost (journeyman MiFi)
 24140 | D:15     | Found a hide-covered altar of Uskayaw.
 24157 | D:15     | Found a staircase to the Depths.
 24165 | D:15     | Noticed Louise
 24179 | Abyss:3  | Cast into level 3 of the Abyss (Louise)
 24493 | Abyss:3  | Noticed a tentacled starspawn
 24615 | Abyss:3  | Reached skill level 15 in Dodging
 24791 | Abyss:3  | Noticed a bone dragon
 24814 | Abyss:3  | Killed a bone dragon
 24832 | Abyss:3  | Noticed a tentacled starspawn
 24840 | Abyss:3  | Killed a tentacled starspawn
 24841 | Abyss:3  | Reached skill level 19 in Armour
 24841 | Abyss:3  | Reached XP level 16. HP: 110/152 MP: 15/15
 24843 | D:15     | Escaped the Abyss
 24855 | D:15     | Killed Louise
 25172 | D:15     | Noticed Agnes
 25183 | D:15     | Killed Agnes
 25414 | D:15     | Noticed Kirke
 25427 | D:15     | Killed Kirke
 25680 | D:15     | Found a hazy altar of Hepliaklqana.
 26011 | D:15     | Killed Epsin's ghost
 26319 | Shoals:1 | Entered Level 1 of the Shoals
 26379 | Shoals:1 | HP: 5/155 [water nymph (3)]
 26379 | Shoals:1 | Drowned by a water nymph

Illustrated notes

Levels and vault maps discovered:
D:1:      lightli_arrival_boilingwater, layout_basic
D:2:      layout_basic
D:3:      layout_rooms, lemuel_tele_altar, yredelemnul_forgotten_temple_becter,
          ebering_ecumenical_altar_abandoned
D:4:      kennysheep_spiral_hall, layout_rooms, ebering_ghost_disaster_area,
          hex_intersection
D:5:      layout_basic, serial_shops, shop, nicolae_nh_ransacked_shop,
          uniq_sigmund
D:6:      layout_basic, nicolae_ru_the_path_less_chosen,
          minmay_temple_entry_drinking_statues, uniq_grinder
D:7:      layout_gridville, serial_co_window_serial, co_window_paths_b,
          co_window_paths_a, co_window_paths_a, co_window_corner_a,
          co_window_paths_a, co_window_of_opportunity_a, co_window_corner_a,
          co_window_of_opportunity_c, co_window_broadway_b,
          co_window_broadway_c, co_window_broadway_c, co_window_broadway_a,
          co_window_broadway_b, glass_columns_c, glass_columns_a,
          glass_columns_a, glass_columns_a, eino_jars
D:8:      layout_basic, cheibriados_altar_1, minmay_misc_feat_rugged,
          minmay_misc_feat_square, kb_lookout_dungeons_type,
          minmay_fractal_squares_5
D:9:      minmay_spotlight, layout_long_grid, zin_purify,
          mainiacjoe_overflow_cross_hatched, erik_lair_orcish_takeover
D:10:     layout_big_octagon, nzn_wu_jian_contemplation, david_orc_1_choice
D:11:     layout_basic, gammafunk_ghost_necromancy, chequers_avenue,
          kennysheep_vampire_church
D:12:     layout_grid_maze, serial_ice, serial_ice_d, serial_ice_j,
          serial_ice_o, serial_ice_c, portal_ice_cave_entry_pillars_1,
          uniq_jorgrun
D:13:     layout_grid_maze
D:14:     layout_gridville, erik_vaults_2, minmay_stone_trees_small
D:15:     gammafunk_depths_entry_grave, layout_layer_cave,
          nicolae_hepliaklqana_hippocampus, ebering_ghost_xom,
          nicolae_uskayaw_murder_on_the_dancefloor, uniq_agnes, uniq_kirke,
          uniq_louise
Lair:1:   layout_regular_city, wad_woods_01, grunt_megastairs_3,
          infiniplex_staircase_pool
Lair:2:   layout_roguey, gauntlet_entry_generic, guppyfry_lair_drakes
Lair:3:   layout_chaotic_city, shoals_dummy_entry,
          hellmonk_spider_entry_not_the_bees, basic_altar,
          kilobyte_rumbling_trees, grunt_megastairs_5
Lair:4:   layout_regular_city, chequers_serial_rivers_micro_d
Lair:5:   gammafunk_lair_ancient_temple, layout_cellular_growth, slime_entry_1
Shoals:1: cheibrodos_shoals_baths, layout_shoals
Orc:1:    layout_diamond_mine
Orc:2:    st_orc_pillars, layout_caves, mines1_david

Skill      XL: |  1  2  3  4  5  6  7  8  9 10 11 12 13 14 15 16 |
---------------+-------------------------------------------------+-----
Fighting       | 4 5 6 8 9 10 12 13 14 15 16 17 | 17.0
Axes           | 4 5 6 8 9 10 12 13 14 15 16 17 | 17.0
Armour         | 3 4 5 6 7 9 10 11 13 15 17 19 | 19.3
Dodging        | 3 4 5 6 8 9 10 11 13 14 15 | 15.5
Shields        | 5 7 9 11 13 | 13.6

Action                     |  1- 3 |  4- 6 |  7- 9 | 10-12 | 13-15 | 16-18 || total
---------------------------+-------+-------+-------+-------+-------+-------++-------
  Melee: Hand axe          |    94 |    70 |   214 |   393 |       |       ||   771
         Headbutt          |    12 |    13 |    47 |   118 |   288 |    31 ||   509
         Punch             |     1 |       |     2 |     2 |       |       ||     5
         War axe           |       |       |       |    76 |  1119 |    77 ||  1272
         Whip              |       |       |       |       |     3 |       ||     3
         Broad axe         |       |       |       |       |       |    34 ||    34
  Throw: Dart              |     5 |       |     8 |     2 |    12 |     4 ||    31
 Invoke: Berserk           |       |     2 |     3 |    16 |    12 |     3 ||    36
         Trog's Hand       |       |     1 |       |     4 |     9 |     2 ||    16
         Brothers in Arms  |       |       |       |     3 |    10 |     2 ||    15
    Use: Scroll            |       |       |       |    13 |    20 |       ||    33
   Stab: Distracted        |       |       |       |     1 |       |       ||     1
 Armour: Animal skin       |    18 |    10 |       |       |       |       ||    28
         Ring mail         |       |     7 |    18 |       |       |       ||    25
         Plate armour      |       |       |    69 |   152 |   360 |    66 ||   647
  Dodge: Dodged            |    65 |    51 |   155 |   302 |   723 |   107 ||  1403
  Block: Kite shield       |       |       |       |   114 |    26 |       ||   140
         Buckler           |       |       |       |       |   333 |     5 ||   338
         Tower shield      |       |       |       |       |       |   139 ||   139
